 Dungeon Crawl Stone Soup version 0.28-a0-730-g892d06dc2c (webtiles) character file.

Game seed: 13846071211550055736

2289 dracfodder the Magician (level 9, -6/49 HPs)
             Began as a Gargoyle Ice Elementalist on Oct 27, 2021.
             Was a Believer of Sif Muna.
             Killed by divine providence
             ... invoked by an orc priest
              (17 damage)
             ... on level 6 of the Dungeon on Oct 28, 2021.
             The game lasted 00:58:32 (9314 turns).

dracfodder the Magician (Gargoyle Ice Elementalist) Turns: 9314, Time: 00:58:33

Health: -6/49      AC: 23    Str: 12    XL:     9   Next: 39%
Magic:  2/15       EV: 12    Int: 17    God:    Sif Muna [**....]
Gold:   286        SH:  0    Dex: 10    Spells: 7/22 levels left

rFire   + . .      SeeInvis .   b - +2 hunting sling (vorpal)
rCold   . . .      Faith    .   (no shield)
rNeg    + . .      Spirit   .   d - +1 robe
rPois   ∞          Reflect  .   m - +2 helmet
rElec   +          Harm     .   (no cloak)
rCorr   .          Rampage  .   (no gloves)
Will    .....                   (no boots)
Stlth   ++........              (no amulet)
HPRegen 0.16/turn               u - ring of protection from fire
MPRegen 0.14/turn               A - +4 ring of protection

@: mighty, ice-armoured, very slightly contaminated
A: sickness immunity, AC +6, negative energy resistance 1, electricity
resistance, torment resistance 1, petrification resistance, dopey 1, low mp 2,
MP-powered wands
a: Renounce Religion, Channel Magic


You were on level 6 of the Dungeon.
You worshipped Sif Muna.
Sif Muna was pleased with you.
You visited 2 branches of the dungeon, and saw 7 of its levels.

You collected 286 gold pieces.

Inventory:

Hand Weapons
 a - a +1 whip of flaming
 b - a +2 vorpal hunting sling (weapon)
 w - a +1 whip of electrocution
Missiles
 e - 13 poisoned darts
 g - 39 arrows
 n - 5 throwing nets
 s - 9 atropa-tipped darts
 v - 38 bolts
 y - 139 stones (quivered ammo)
Armour
 d - a +1 robe (worn)
 m - a +2 helmet (worn)
Jewellery
 i - an amulet of faith
 t - a ring of fire
 u - a ring of protection from fire (left hand)
 A - a +4 ring of protection (right hand)
Wands
 c - a wand of flame (16)
 B - a wand of iceblast (8)
Scrolls
 h - a scroll of teleportation
 l - a scroll of amnesia
Potions
 f - 2 potions of flight
 j - 4 potions of lignification
 k - 3 potions of resistance
 o - 2 potions of degeneration {unknown}
 p - a potion of curing
 q - a potion of berserk rage
 x - a potion of haste


   Skills:
 + Level 2.5 Fighting
 + Level 4.3 Maces & Flails
 + Level 2.6(3.0) Slings
 + Level 2.0(2.7) Throwing
 + Level 2.5 Dodging
 + Level 4.0 Stealth
 * Level 7.2 Spellcasting
 + Level 1.2 Conjurations
 + Level 1.3 Summonings
 + Level 6.5 Ice Magic
 + Level 0.1 Evocations


You had 7 spell levels left.
You knew the following spells:

 Your Spells              Type           Power      Damage    Failure   Level
a - Freeze                Ice            100%       1d11      1%          1
b - Frozen Ramparts       Ice            56%        1d7       2%          3
c - Ozocubu's Armour      Ice            28%        N/A       2%          3
d - Hailstorm             Conj/Ice       19%        3d6       22%         4
e - Summon Ice Beast      Ice/Summ       19%        N/A       22%         4

Your spell library contained the following spells:

 Spells                   Type           Power      Damage    Failure   Level
 Ensorcelled Hibernation  Hex/Ice        34%        N/A       4%          2
 Tukima's Dance           Hex            6%         N/A       34%         3
 Summon Mana Viper        Hex/Summ       8%         N/A       94%         5
 Monstrous Menagerie      Summ           5%         N/A       100%        7


Dungeon Overview and Level Annotations

Branches:
Dungeon (6/15)             Temple (1/1) D:4

Altars:
Dithmenos
Elyvilon
Fedhas
Hepliaklqana
Kikubaaqudgha
Makhleb
Nemelex Xobeh
Okawaru
Qazlal
Sif Muna
Trog
Uskayaw
Vehumet
Wu Jian
Xom
Yredelemnul
Zin

Shops:
D:4 *


Innate Abilities, Weirdness & Mutations

You are immune to sickness and miasma.
Your stone body is resilient. (AC +6)
You are immune to poison.
You resist negative energy. (rN+)
You are resistant to electric shocks. (rElec)
You are resistant to unholy torment.
You are immune to petrification.
You are dopey. (Int -2)
Your magical capacity is very low. (-20% MP)
You expend magic power (3 MP) to strengthen your wands.


Message History

An orc priest comes into view. It is wielding a +0 morningstar.
Your icy armour will break if you move.
Continue? [Y]es or [N]o only, please.
Your icy armour will break if you move.
Continue?
Okay, then.
Your +1 whip of flaming stops flaming.
b - a +2 vorpal hunting sling (weapon)
Casting: Hailstorm (quite dangerous; 22% risk of failure)
Confirm with . or Enter, or press ? or * to list all spells.
You don't have enough magic to cast this spell.
Fire: 142 stones
Press: ? - help, Q - select action, (/) - cycle Shift-Dir - straight line, f - orc priest
Aim: an orc priest, wielding a +0 morningstar and wearing a +0 leather armour (60% to hit)
You shoot a stone. The stone hits the orc priest.
The orc priest is lightly wounded.
The orc priest mumbles some strange prayers to Beogh against you.
Pain shoots through your body!
Fire: 141 stones
Press: ? - help, Q - select action, (/) - cycle Shift-Dir - straight line, f/p - orc priest
Aim: an orc priest, wielding a +0 morningstar and wearing a +0 leather armour (lightly wounded, 60% to hit)
You shoot a stone.
The stone hits the orc priest but does no damage.
The orc priest is lightly wounded.
The orc priest calls down the wrath of Beogh upon you.
Pain shoots through your body!
* * * LOW HITPOINT WARNING * * *
Fire: 140 stones
Press: ? - help, Q - select action, (/) - cycle Shift-Dir - straight line, f/p - orc priest
Aim: an orc priest, wielding a +0 morningstar and wearing a +0 leather armour (lightly wounded, 60% to hit)
You shoot a stone. The stone barely misses the orc priest.
Casting: Hailstorm (quite dangerous; 22% risk of failure)
Confirm with . or Enter, or press ? or * to list all spells.
Aiming: Freeze (safe; 1% risk of failure)
Press: ? - help, Shift-Dir - straight line, f/p - orc priest
Aim: an orc priest, wielding a +0 morningstar and wearing a +0 leather armour (lightly wounded)
You freeze the orc priest!
The orc priest is severely wounded.
The orc priest invokes the aid of Beogh against you.
Beogh smites you!
You die...

.###<#####......
#...##.#.### #.# ##.##
##..###.⌠.## #.#
#...###.#.# #.# ####
#..#.#.###. #.# ..#
#.#.⌠.## ♣ ..# #.#
#..#.## #. ... .##
#.######.### ## #..
.....###.........## ##
#()(o@.##.......# #.
..(>(###.##.###.##..#..#
.## #.##.# #.# #...#
#.##.# #.# ##### ..##.#
#.# ####.# #.. #.# ###
#<# ...


You could see an orc priest.

Vanquished Creatures
  2 orc warriors
  A sky beast (D:5)
  A black bear (D:6)
  A necrophage (D:5)
  4 ogres
  A gnoll sergeant (D:5)
  2 scorpions
  A jelly (D:5)
  2 howler monkeys (D:5)
  A bullfrog zombie (D:5)
  A bullfrog skeleton (D:5)
  2 hounds
  3 orc priests
  A centaur skeleton (D:4)
  A gnoll shaman (D:4)
  Ijyb (D:5)
  An iguana (D:4)
  5 orc wizards
  A killer bee zombie (D:6)
  A hound skeleton (D:4)
  A mummy (D:4)
  Robin (D:4)
  33 gnolls
  3 adders
  An ufetubus (D:4)
  An adder skeleton (D:4)
  2 worms (D:2)
  6 dart slugs
  32 orcs
  14 ball pythons
  5 bats
  9 endoplasms
  4 giant cockroaches
  19 goblins
  11 hobgoblins
  14 jackals
  6 kobolds
  3 quokkas
  5 frilled lizards
  6 rats
209 creatures vanquished.

Vanquished Creatures (collateral kills)
  A water moccasin skeleton (D:5)
  A howler monkey (D:5)
  A hound zombie (D:5)
  An orc (D:5)
  A jackal (D:5)
5 creatures vanquished.

Vanquished Creatures (others)
  An orc wizard (D:6)
  6 plants
7 creatures vanquished.

Grand Total: 221 creatures vanquished

Notes
Turn   | Place    | Note
-------+----------+-------------------------------------------
     0 | D:1      | dracfodder the Gargoyle Ice Elementalist began the quest
                  | for the Orb.
     0 | D:1      | Reached XP level 1. HP: 10/10 MP: 3/3
   294 | D:1      | Reached XP level 2. HP: 15/15 MP: 0/5
   886 | D:1      | Reached XP level 3. HP: 17/19 MP: 2/6
  1193 | D:1      | Learned a level 3 spell: Frozen Ramparts
  1197 | D:1      | Learned a level 3 spell: Ozocubu's Armour
  1655 | D:2      | Reached skill level 3 in Spellcasting
  1655 | D:2      | Reached XP level 4. HP: 24/24 MP: 3/8
  2062 | D:2      | Found a bloodstained altar of Trog.
  2064 | D:2      | You fall into a shaft and drop 2 floors!
  2097 | D:3      | Found a faded altar of an unknown god.
  2147 | D:4      | Noticed Robin
  2154 | D:4      | Killed Robin
  2216 | D:4      | Reached skill level 1 in Maces & Flails
  2216 | D:4      | Reached XP level 5. HP: 28/28 MP: 7/10
  2328 | D:4      | Found Vooteb's Elemental Accessories.
  2531 | D:4      | Found a staircase to the Ecumenical Temple.
  2540 | D:4      | Reached XP level 6. HP: 27/32 MP: 1/11
  3715 | D:4      | Reached skill level 1 in Fighting
  3899 | D:3      | Reached skill level 5 in Ice Magic
  3900 | D:3      | Reached XP level 7. HP: 34/38 MP: 7/12
  3980 | D:2      | Learned a level 4 spell: Hailstorm
  4296 | D:3      | Reached skill level 4 in Spellcasting
  5347 | Temple   | Entered the Ecumenical Temple
  5492 | Temple   | Became a worshipper of Sif Muna the Loreminder
  5533 | D:5      | Entered Level 5 of the Dungeon
  5610 | D:5      | Reached skill level 5 in Spellcasting
  5806 | D:5      | Upgraded the game from 0.28-a0-726-g4a9143789a to
                  | 0.28-a0-730-g892d06dc2c
  5835 | D:5      | Learned a level 4 spell: Summon Ice Beast
  6169 | D:5      | Reached XP level 8. HP: 44/44 MP: 11/15
  6187 | D:5      | Reached * piety under Sif Muna
  6237 | D:5      | Gained mutation: You are dopey. (Int -2) [potion of
                  | mutation]
  6237 | D:5      | Gained mutation: Your spells are a little easier to cast,
                  | but a little less powerful. [potion of mutation]
  6237 | D:5      | Gained mutation: Your magical capacity is low. (-10% MP)
                  | [potion of mutation]
  6237 | D:5      | Gained mutation: Your muscles are strong. (Str +2) [potion
                  | of mutation]
  6412 | D:5      | Lost mutation: Your muscles are strong. (Str +2) [potion of
                  | mutation]
  6412 | D:5      | Lost mutation: Your spells are a little easier to cast, but
                  | a little less powerful. [potion of mutation]
  6412 | D:5      | Gained mutation: Your magical capacity is very low. (-20%
                  | MP) [potion of mutation]
  6412 | D:5      | Gained mutation: You expend magic power (3 MP) to
                  | strengthen your wands. [potion of mutation]
  6551 | D:5      | Reached skill level 6 in Spellcasting
  6826 | D:5      | Reached skill level 1 in Throwing
  7058 | D:5      | Noticed Ijyb
  7075 | D:5      | You fall into a shaft and drop 1 floor!
  7777 | D:5      | Reached ** piety under Sif Muna
  7899 | D:5      | Killed Ijyb
  8077 | D:5      | Reached XP level 9. HP: 49/49 MP: 9/15
  8453 | D:6      | Reached skill level 1 in Slings
  8974 | D:6      | Reached skill level 7 in Spellcasting
  8979 | D:6      | Reached skill level 1 in Summonings
  9305 | D:6      | Reached skill level 1 in Conjurations
  9314 | D:6      | Killed from afar by an orc priest

Illustrated notes

Levels and vault maps discovered:
D:1:      dpeg_arrival_rooms_b, layout_loops_ring, serial_forest,
          infiniplex_forest_end_3, infiniplex_forest_straight_5,
          infiniplex_forest_3_way, infiniplex_forest_lined_corner,
          infiniplex_forest_clump_medium, infiniplex_forest_zigzag_1,
          infiniplex_forest_corner_2, infiniplex_forest_clump_cross
D:2:      layout_rooms, basic_altar, st_stairs_10
D:3:      cheibrodos_old_hovel, layout_basic,
          shapermc_ecumenical_altar_mp_highgroup, minmay_increasing_density
D:4:      layout_loops_cross, minmay_temple_entry_hall,
          gup_ossuary_entry_pyramid, hangedman_decor_slide_cut,
          nicolae_elemental_shop, skrybe_limestone_x, uniq_robin
D:5:      lemuel_castle_with_subvaults [lemuel_castle_interior_original],
          layout_basic, chequers_mini_garden, minmay_misc_feat_diagonals,
          minmay_holes, uniq_ijyb
D:6:      layout_loops_ring, grunt_decor_mini_mirrors
Temple:   regret_index_temple_sphere_string

Skill      XL: |  1  2  3  4  5  6  7  8  9 |
---------------+----------------------------+-----
Spellcasting   | 3 5 6 7 |  7.2
Maces & Flails | 1 2 3 4 |  4.3
Stealth        | 3 4 |  4.0
Dodging        | 2 |  2.5
Fighting       | 1 2 |  2.5
Ice Magic      | 5 6 |  6.5
Throwing       | 2 |  2.0
Slings         | 2 |  2.6
Summonings     | 1 |  1.3
Conjurations   | 1 |  1.2
Evocations     | |  0.1

Action                   |  1- 3 |  4- 6 |  7- 9 || total
-------------------------+-------+-------+-------++-------
Melee: Club              |    17 |       |       ||    17
       Unarmed           |     3 |       |       ||     3
       Whip              |     6 |   132 |   128 ||   266
 Fire: Hunting sling     |       |       |    64 ||    64
Throw: Boomerang         |    10 |     2 |    42 ||    54
       Stone             |       |       |    19 ||    19
       Dart              |       |       |     4 ||     4
 Cast: Freeze            |    47 |    14 |    20 ||    81
       Frozen Ramparts   |     2 |     8 |    38 ||    48
       Summon Ice Beast  |       |       |     9 ||     9
       Ozocubu's Armour  |       |       |     7 ||     7
       Hailstorm         |       |       |     4 ||     4
Evoke: Wand              |       |     7 |     3 ||    10
  Use: Scroll            |       |     3 |     7 ||    10
       Potion            |       |       |     9 ||     9
 Stab: Paralysed         |       |    12 |       ||    12
       Sleeping          |       |     2 |       ||     2
Armor: Robe              |    20 |    38 |    76 ||   134
       Skin              |       |       |     4 ||     4
Dodge: Dodged            |    42 |    79 |    93 ||   214

Table legend: (Time is in decaauts)
 A = Elapsed time spent in this place.
 B = Non-inter-level travel time spent in this place.
 C = Inter-level travel time spent in this place.
 D = Time resting spent in this place.
 E = Time spent auto-exploring this place.
 F = Levels seen in this place.
 G = Mean time per level.
                   A        B        C        D        E       F      G
               +--------+--------+--------+--------+--------+-----+--------+
         Total |   9353 |   9177 |    176 |   2650 |   4436 |   7 | 1336.1 |
       Dungeon |   9182 |   9030 |    152 |   2650 |   4312 |   6 | 1530.3 |
        Temple |    170 |    146 |     24 |      0 |    124 |   1 |  170.0 |
               +--------+--------+--------+--------+--------+-----+--------+

Top non-repeatable levels by time:
     D:5: 2933 daAuts
     D:4: 1808 daAuts
     D:1: 1439 daAuts
     D:3: 1192 daAuts
     D:2: 934 daAuts
     D:6: 875 daAuts
  Temple: 170 daAuts
